 Dungeon Crawl Stone Soup version 0.29-a0-275-g389c0b56f3 (webtiles) character file.

Game seed: 5524826395117073408

42 epen the Chiller (level 3, -2/31 HPs)
             Began as a Naga Ice Elementalist on Mar 11, 2022.
             Slain by an iguana (13 damage)
             ... on level 2 of the Dungeon.
             The game lasted 00:02:37 (1833 turns).

epen the Chiller (Naga Ice Elementalist)            Turns: 1833, Time: 00:02:38

Health: -2/31      AC:  2    Str: 10    XL:     3   Next: 54%
Magic:  1/6        EV: 10    Int: 17    God:
Gold:   26         SH:  0    Dex: 11    Spells: 2/6 levels left

rFire   + . .      SeeInvis +   f - +0 dagger
rCold   + . .      Faith    .   (no shield)
rNeg    . . .      Spirit   .   a - +0 robe
rPois   +          Reflect  .   (no helmet)
rElec   .          Harm     .   (no cloak)
rCorr   .          Rampage  .   (no gloves)
Will    .....                   (no barding)
Stlth   ++........              (no amulet)
HPRegen 0.10/turn               m - ring of protection from fire
MPRegen 0.10/turn               k - ring of protection from cold

@: freezing walls, very slow
A: AC +1, large, see invisible, deformed body, poison resistance, slowness 2,
spit poison 1, naga tail 1
a: Spit Poison


You were on level 2 of the Dungeon.
You visited 1 branch of the dungeon, and saw 2 of its levels.

You collected 26 gold pieces.

Inventory:

Hand Weapons
 f - a +0 dagger (weapon)
Armour
 a - a +0 robe (worn)
Jewellery
 k - a ring of protection from cold (right hand)
 m - a ring of protection from fire (left hand)
Wands
 n - a wand of flame (10)
Scrolls
 d - 2 scrolls of torment {unknown}
 e - a scroll of fear {unknown}
 g - a scroll of fog {unknown}
 j - a scroll of magic mapping {unknown}
 l - 2 scrolls of identify {unknown}
Potions
 b - a potion of magic
 c - 2 potions of heal wounds {unknown}
 h - a potion of attraction {unknown}
 i - 3 potions of curing {unknown}


   Skills:
 + Level 1.2 Fighting
 + Level 2.1 Dodging
 - Level 3.0 Stealth
 + Level 2.4 Spellcasting
 + Level 4.3 Ice Magic


You had 2 spell levels left.
You knew the following spells:

 Your Spells              Type           Power      Damage    Failure   Level
a - Freeze                Ice            64%        1d8       3%          1
b - Frozen Ramparts       Ice            32%        1d5       10%         3

Your spell library contained the following spells:

 Spells                   Type           Power      Damage    Failure   Level
 Corpse Rot               Necr/Air       4%         N/A       28%         2
 Ozocubu's Armour         Ice            16%        N/A       10%         3
 Hailstorm                Conj/Ice       9%         3d4       58%         4
 Dispel Undead            Necr           2%         3d7       88%         4
 Death Channel            Necr           1%         N/A       100%        6


Dungeon Overview and Level Annotations

Branches:
Dungeon (2/15)

Altars:

Annotations:
D:2 1 runed translucent door, Crazy Yiuf


Innate Abilities, Weirdness & Mutations

Your serpentine skin is tough. (AC +1)
You have supernaturally acute eyesight. (SInv)
Armour fits poorly on your strangely shaped body.
Your system is resistant to poisons. (rPois)
You cover ground very slowly.
You can spit poison.
You have a snake-like lower body.


Message History

Aim: an iguana You freeze the iguana.
The iguana is lightly wounded.
The iguana seems to slow down.
The iguana bites you!
Casting: Freeze (safe; 3% risk of failure)
Confirm with . or Enter, or press ? or * to list all spells.
Aiming: Freeze (safe; 3% risk of failure)
Press: ? - help, Shift-Dir - straight line, f/p - iguana
Aim: an iguana (lightly wounded, slow)
You freeze the iguana.
The iguana is moderately wounded.
The iguana seems to slow down.
Casting: Freeze (safe; 3% risk of failure)
Confirm with . or Enter, or press ? or * to list all spells.
The spell is quite dangerous to miscast (10% risk of failure)!
Continue anyway?
Okay, then.
Casting: Frozen Ramparts (quite dangerous; 10% risk of failure)
Confirm with . or Enter, or press ? or * to list all spells.
The spell is quite dangerous to miscast (10% risk of failure)!
Continue anyway?
Casting: Frozen Ramparts (quite dangerous; 10% risk of failure)
Press: ? - help, Dir - look around, f - activate The walls around you are covered in ice.
The wall freezes the endoplasm.
You kill the endoplasm!
The wall freezes the iguana.
The iguana seems to slow down.
The iguana bites you!
You are too injured to fight recklessly!
You are too injured to fight recklessly!
You closely miss the iguana.
The iguana is moderately wounded.
The wall freezes the jackal. x2
You kill the jackal!
You hit the iguana but do no damage.
The iguana is moderately wounded.
The wall freezes the iguana.
The iguana barely misses you.
You barely miss the iguana.
The iguana is moderately wounded.
The wall freezes the iguana.
The iguana seems to slow down.
The iguana bites you!
You die...

....########
....##.....#
....##.....#########
#######.............
≈≈≈≈≈≈#....############
≈....≈#............(..#
......'.#######........
......'.# #.####...
≈.†..≈### #.@.# ≈≈≈≈≈≈#
###l# ####### .# .....
.. ..### .#. ..# .#..
..# .# .. ### .# ...


You could see an iguana (slow).

Vanquished Creatures
  A worm (D:2)
  An orc (D:2)
  3 ball pythons (D:1)
  5 bats (D:1)
  6 endoplasms
  4 goblins (D:1)
  3 hobgoblins
  A jackal (D:2)
  A quokka (D:1)
  3 kobolds
  4 rats (D:1)
32 creatures vanquished.

Notes
Turn   | Place    | Note
-------+----------+-------------------------------------------
     0 | D:1      | epen the Naga Ice Elementalist began the quest for the Orb.
     0 | D:1      | Reached XP level 1. HP: 15/15 MP: 3/3
   425 | D:1      | Reached XP level 2. HP: 21/24 MP: 0/5
   897 | D:1      | Reached skill level 1 in Fighting
  1072 | D:1      | Reached XP level 3. HP: 30/31 MP: 4/6
  1078 | D:1      | Learned a level 3 spell: Frozen Ramparts
  1590 | D:2      | Found a faded altar of an unknown god.
  1686 | D:2      | Found a runed translucent door.
  1687 | D:2      | Noticed Crazy Yiuf
  1833 | D:2      | Slain by an iguana

Illustrated notes

Levels and vault maps discovered:
D:1:      onia_arrival_mini_maze, layout_basic
D:2:      layout_basic, shapermc_ecumenical_altar_mp_ritualfount,
          kennysheep_generic_room_15, uniq_crazy_yiuf_cottage

Skill      XL: |  1  2  3 |
---------------+----------+-----
Fighting       | 1 |  1.2
Dodging        | 2 |  2.1
Stealth        | |  3.0
Spellcasting   | |  2.4
Ice Magic      | |  4.3

Action                   || total
-------------------------++-------
Melee: Unarmed           ||     6
       Dagger            ||    30
 Cast: Freeze            ||    38
       Frozen Ramparts   ||     1
 Abil: Spit Poison       ||     1
 Stab: Sleeping          ||     3
Armor: Robe              ||    13
Dodge: Dodged            ||    32

Table legend: (Time is in decaauts)
 A = Elapsed time spent in this place.
 B = Non-inter-level travel time spent in this place.
 C = Inter-level travel time spent in this place.
 D = Time resting spent in this place.
 E = Time spent auto-exploring this place.
 F = Levels seen in this place.
 G = Mean time per level.
                   A        B        C        D        E       F      G
               +--------+--------+--------+--------+--------+-----+--------+
         Total |   2177 |   2148 |     29 |     50 |   1822 |   2 | 1088.5 |
       Dungeon |   2177 |   2148 |     29 |     50 |   1822 |   2 | 1088.5 |
               +--------+--------+--------+--------+--------+-----+--------+

Top non-repeatable levels by time:
     D:1: 1781 daAuts
     D:2: 396 daAuts
